Unix NetHack Version 5.0.0-0 post-release - last build Jun 10 2026 00:39:30 (3ee93aec679c4c4259841fe613dc97188e26a321,branch:main).

Game began 2026-07-06 11:53:51, ended 2026-07-06 12:01:18.

HomunculusP, lawful male dwarven Archeologist

     #################################################################%######
     #        #       #---------- #  # ------.-----                         #
     #--------#########-........| # ###-..........|##########################
     #|......|        #|........-###*  |..........|#
     #|.......#########|........|## # #-...*.......##########################
     #|......|  #######|......<.|#  ###|..........|        #                #
     #|.......#########|........|# ##  ------------##########################
     #----.---#   #    |........|#  ################        #
     #    #   #########---------*# ##########################################
     ###############################             #          ###  ------------
     -----|-----#            ##    #                       ######-..........|
     |..........########################################%###  #  |..........|
     |.........|#           ##     #####                      ###...........|
     |.........|########################    #  #                 |..........|
     |>.........########       #       # ---.--.------           ------------
     -----------   @#######f#############............|
                                         |...(.......|
                                         |...........|
                                         |...........|
                                         -------------

HomunculusP the Field Worker  St:12 Dx:10 Co:13 In:14 Wi:16 Ch:8  Lawful
Dlvl:1  $:119 HP:0(28) Pw:10(10) AC:9  Xp:3 T:1995  Hungry  

Latest messages:
 You hit the rock with all your might.
 You succeed in cutting away some rock.
 You see here 45 gold pieces.
 $ - 45 gold pieces (119 in total).
 You start digging.
 You hit the rock with all your might.
 You succeed in cutting away some rock.
 You start digging.
 You hit the rock with all your might.
 You succeed in cutting away some rock.
 You are beginning to feel hungry.
 You stop digging.
 You continue digging.
 You succeed in cutting away some rock.
 You hear some noises in the distance.
 You stop digging.
 You continue digging.
 You succeed in cutting away some rock.
 You stop digging.
 The jackal bites!
 You continue digging.
 You hit the rock with all your might.
 You stop digging.
 The jackal bites!
 You continue digging.
 You succeed in cutting away some rock.
 The jackal bites!
 The jackal bites!
 The jackal bites!
 You hit the jackal.
 The jackal just misses!
 The jackal bites!
 You hit the jackal.
 The jackal bites!
 The jackal bites!
 You kill the jackal!
 The jackal bites!
 You hit the jackal.
 The jackal bites!
 You kill the jackal!
 You hit the gas spore.
 You kill the gas spore!
 Boom!
 You are caught in the gas spore's explosion!
 It is fatal.
 Do you want your possessions identified? [ynq] (y) n
 Do you want to see your attributes? [ynq] (y) n
 Do you want an account of creatures vanquished? [ynaq] (y) n
 Do you want to see your conduct and achievements? [ynq] (y) n
 Do you want to see the dungeon overview? [ynq] (y) n

Inventory:
 Coins    ('$')
  $ - 119 gold pieces
 Weapons  (')')
  o - 13 blessed rusty +2 darts
  r - a cursed -1 orcish dagger
  a - a +2 bullwhip (alternate weapon; not wielded)
 Armor    ('[')
  c - an uncursed +0 fedora (being worn)
  b - an uncursed +0 leather jacket (being worn)
 Comestibles  ('%')
  d - 2 uncursed food rations
  p - an uncursed partly eaten food ration
  l - an uncursed fortune cookie
  n - 3 uncursed lichen corpses
 Scrolls  ('?')
  i - a cursed scroll of amnesia
 Tools    ('(')
  h - an empty uncursed sack
  j - an uncursed blindfold
  e - a +0 pick-axe (weapon in right hand)
  f - a tinning kit (0:77)
 Gems/Stones  ('*')
  m - an uncursed worthless piece of blue glass
  g - 2 uncursed touchstones

HomunculusP the Archeologist's attributes:

Background:
 You were a Field Worker, a level 3 male dwarven Archeologist.
 You were lawful, nominally on a mission for Quetzalcoatl
 who was opposed by Camaxtli (neutral) and Huhetotl (chaotic).
 You were right-handed.
 You were in the Dungeons of Doom, on level 1.
 You entered the dungeon 1995 turns ago.
 You had 62 experience points, 18 more were needed to attain level 4.

Basics:
 You had 0 out of 28 hit points.
 You had all 10 energy points (spell power).
 Your armor class was 9.
 Your wallet contained 119 zorkmids.
 Autopickup was off.

Final Characteristics:
 Your strength was 12 (peak:14, limit:18/100).
 Your dexterity was 10 (limit:20).
 Your constitution was 13 (limit:20).
 Your intelligence was 14 (limit:16).
 Your wisdom was 16 (limit:16).
 Your charisma was 8 (limit:16).

Final Status:
 You were hungry.
 You were unencumbered.
 You were wielding a pick-axe.
 You had basic skill with pick-axe.

Final Attributes:
 You were devoutly aligned.
 You had automatic searching.
 You had infravision.
 You were lucky.
 You are dead.

Miscellaneous:
 You didn't encounter any bones levels.
 Total elapsed playing time was 7 minutes and 13 seconds.

Major events:
 Turn
    1: HomunculusP the lawful male dwarven Archeologist entered the dungeon
 1337: attained the rank of Field Worker (level 3)
 1995: killed by a gas spore's explosion

You didn't know any spells.

Skills:
 Fighting Skills
   bare handed combat [Unskilled]
   two weapon combat  [Unskilled]
   riding             [Unskilled]
 Weapon Skills
   dagger             [Unskilled]
   knife              [Unskilled]
   pick-axe           [Basic]
   short sword        [Unskilled]
   saber              [Unskilled]
   club               [Unskilled]
   quarterstaff       [Unskilled]
   sling              [Unskilled]
   dart               [Unskilled]
   boomerang          [Unskilled]
   whip               [Basic]
   unicorn horn       [Unskilled]
 Spellcasting Skills
   attack spells      [Unskilled]
   healing spells     [Unskilled]
   divination spells  [Unskilled]
   matter spells      [Unskilled]

Voluntary challenges:
 Character rerolling was not enabled.
 You were an atheist.
 You never genocided any monsters.
 You never polymorphed an object.
 You never changed form.
 You used no wishes.
Achievement:
 You attained the rank of Field Worker.

 The Dungeons of Doom:
    Level 1: <- You were here.
       Final resting place for
          you, killed by a gas spore's explosion.


Vanquished creatures:
  a gas spore
  2 geckos
 10 jackals
  a fox
  a kobold
  5 goblins
  6 sewer rats
  a grid bug
  a bat
  4 lichens
  a kobold zombie
  6 newts
39 creatures vanquished.

No species were genocided or became extinct.

Game over:
                       ----------
                      /          \
                     /    REST    \
                    /      IN      \
                   /     PEACE      \
                  /                  \
                  |   HomunculusP    |
                  |      119 Au      |
                  | killed by a gas  |
                  |     spore's      |
                  |    explosion     |
                  |                  |
                  |       2026       |
                 *|     *  *  *      | *
        _________)/\\_//(\/(/\)/\//\/|_)_______

Goodbye HomunculusP the Archeologist...

You died in The Dungeons of Doom on dungeon level 1 with 356 points,
and 119 pieces of gold, after 1995 moves.
You were level 3 with a maximum of 28 hit points when you died.

